 Dungeon Crawl Stone Soup version 0.29-a0-356-g7bc237e783 (webtiles) character file.

Game seed: 7094382473252911264

8689 warriortoast the Fighter (level 11, -2/102 HPs)
             Began as a Minotaur Fighter on May 3, 2021.
             Was an Elder of Okawaru.
             Slain by Erica
             ... wielding a +3 scimitar of flaming
              (12 damage)
             ... on level 9 of the Dungeon on Apr 25, 2022.
             The game lasted 00:49:43 (11196 turns).

warriortoast the Fighter (Minotaur Fighter)        Turns: 11196, Time: 00:49:44

Health: -2/102     AC: 19    Str: 24    XL:     11   Next: 13%
Magic:  13/13      EV: 11    Int:  7    God:    Okawaru [****..]
Gold:   427        SH: 11    Dex: 10    Spells: 10/10 levels left

rFire   + . .      SeeInvis .   a - +0 war axe
rCold   + . .      Faith    .   c - +0 kite shield
rNeg    + . .      Spirit   .   C - +0 plate armour
rPois   .          Reflect  .   (helmet restricted)
rElec   .          Harm     .   D - +0 cloak
rCorr   .          Rampage  .   y - +0 pair of gloves
Will    .....                   E - +0 pair of boots
Stlth   ..........              i - amulet of the Tempest {RegenMP rF+ rC+ Regen+ Int+2}
HPRegen 1.07/turn               r - +4 ring of evasion
MPRegen 0.53/turn               t - ring of positive energy

@: lethally poisoned (-2 -> -9), about to teleport, heroic, slowed, very slow
A: horns 2, retaliatory headbutt
a: Renounce Religion, Heroism, Finesse


You were on level 9 of the Dungeon.
You worshipped Okawaru.
Okawaru was greatly pleased with you.
You visited 2 branches of the dungeon, and saw 10 of its levels.
You also visited: Sewer.

You collected 509 gold pieces.
You spent 82 gold pieces at shops.

Inventory:

Hand Weapons
 a - a +0 war axe (weapon)
 b - a +1 mace of protection
 e - a +2 whip of electrocution
 F - a +4 mace
Missiles
 d - 5 javelins
 o - 9 boomerangs (quivered)
Armour
 c - a +0 kite shield (worn)
 h - the +2 leather armour "Zeklelot" {rN+ Int+3}
   (You found it on level 8 of the Dungeon)

   Int:       It affects your intelligence (+3).
   rN:        It protects you from negative energy.
 y - a +0 pair of gloves (worn)
 C - a +0 plate armour (worn)
 D - a +0 cloak (worn)
 E - a +0 pair of boots (worn)
Jewellery
 i - the amulet of the Tempest (around neck) {RegenMP rF+ rC+ Regen+ Int+2}
   (You acquired it on level 6 of the Dungeon)

   [amulet of magic regeneration]

   It increases your rate of magic regeneration.
   Int:       It affects your intelligence (+2).
   rF:        It protects you from fire.
   rC:        It protects you from cold.
   Regen:     It increases your rate of health regeneration.
 r - a +4 ring of evasion (left hand)
 t - a ring of positive energy (right hand)
Wands
 x - a wand of iceblast (16)
 B - a wand of polymorph (9)
Scrolls
 f - a scroll of fog
 g - 6 scrolls of teleportation
 j - 2 scrolls of fear
 l - 3 scrolls of identify
 n - 3 scrolls of enchant weapon
Potions
 k - a potion of heal wounds
 m - 3 potions of haste
 p - 2 potions of attraction
 q - a potion of lignification {unknown}
 s - 5 potions of flight
 u - 2 potions of curing
 z - a potion of might
 A - a potion of brilliance


   Skills:
 - Level 11.1(16.1) Fighting
 - Level 10.6(17.0) Axes
 - Level 9.0(16.2) Polearms
 + Level 2.9(7.9) Throwing
 + Level 5.9(10.9) Armour
 - Level 0.1(5.1) Dodging
 + Level 5.6(10.6) Shields
 - Level 4.5 Invocations
 - Level 5.0 Evocations


You had 10 spell levels left.
You didn't know any spells.
Your spell library contained the following spells:

 Spells                   Type           Power      Damage    Failure   Level
 Foxfire                  Conj/Fire      0%         2x1d4     100%        1
 Conjure Flame            Conj/Fire      0%         6-21      100%        3
 Ignite Poison            Fire/Tmut/Pois 0%         N/A       100%        3
 Inner Flame              Hex/Fire       0%         N/A       100%        3
 Mephitic Cloud           Conj/Pois/Air  0%         N/A       100%        3
 Flame Wave               Conj/Fire      0%         2d4       100%        4
 Freezing Cloud           Conj/Ice/Air   0%         6-21      100%        5


Dungeon Overview and Level Annotations

Branches:
Dungeon (9/15)             Temple (1/1) D:7             Orc (0/2) D:9
  Sewer (visited)
   Lair: D:8-11

Altars:
Ashenzari
Cheibriados
Dithmenos
Gozag
Kikubaaqudgha
Makhleb
Nemelex Xobeh
Okawaru
Ru
Trog
Uskayaw
Vehumet
Yredelemnul
Zin
The Shining One

Shops:
D:1 =   D:3 [   D:5 *

Annotations:
D:9 Erica


Innate Abilities, Weirdness & Mutations

You have a pair of horns on your head.
You reflexively headbutt those who attack you in melee.


Message History

You furiously retaliate!
You headbutt the steam dragon, but do no damage.
The steam dragon claws you but does no damage.
Something hits you but does no damage. The steam dragon barely misses you.
The steam dragon claws you but does no damage.
You gain the combat prowess of a mighty hero.
Something hits you but does no damage. The steam dragon completely misses you.
You block the steam dragon's attack.
You hear some strange, mumbled words.
A bolt of poison appears from out of thin air!
The bolt of poison hits you.
You are poisoned.
The steam dragon breathes steam at you. The ball of steam misses you.
You closely miss something. Your headbutt misses something.
You hit the steam dragon but do no damage.
You feel very sick.
You hear some strange, mumbled words.
A bolt of poison appears from out of thin air!
The bolt of poison hits you!
You are more poisoned.
The steam dragon bites you but does no damage.
You block the steam dragon's attack.
As you read the scroll of teleportation, it crumbles to dust.
You feel strangely unstable.
You feel extremely sick.
You hear some strange, mumbled words.
You feel as though you will be slow longer.
The steam dragon barely misses you. You block the steam dragon's attack.
You closely miss something. You slash the steam dragon!
You feel very sick. Something hits you!
* * * LOW HITPOINT WARNING * * *
Something burns you.
* * * LOW HITPOINT WARNING * * *
The steam dragon breathes steam at you. The ball of steam hits you. You resist.
* * * LOW HITPOINT WARNING * * *
Something hits you!
You die...

.......##.#....####..#######.####
..>....##.'.......#..# #.####
........+.#.##....#..# #.....
.......####.......#..# ######
.......#......########
.......#..#...# .......#..#...#
...#####......########## ####
#.....††.@{....(.
#.#.....§D.......
#................
#....##'######### +.... ...
#....#... #....#.### .## #.


You could see a steam dragon (catching breath).

Vanquished Creatures
  2 boulder beetles
  Pikel (D:7)
  A deep elf pyromancer (D:8)
  A manticore (D:9)
  Sigmund (D:3)
  12 yaks
  A steam dragon (D:7)
  2 water moccasins
  Duvessa (D:7)
  4 sky beasts
  2 ice beasts
  5 orc warriors
  A black bear (D:4)
  2 centaurs
  4 ogres
  2 kobold brigands (D:9)
  3 bullfrogs
  2 scorpions
  Dowan (D:7)
  9 killer bees (D:9)
  2 water moccasin skeletons
  3 howler monkeys
  5 hounds
  A jelly (D:7)
  2 bullfrog skeletons
  7 orc priests
  A gnoll shaman (D:8)
  6 iguanas
  A merfolk siren (Sewer)
  7 orc wizards
  A merfolk avatar (Sewer)
  A hound skeleton (D:4)
  4 gnolls (D:8)
  5 river rats (Sewer)
  10 adders
  2 ufetubi
  3 worms
  40 orcs
  12 ball pythons
  3 bats
  8 endoplasms
  6 giant cockroaches
  9 goblins
  3 hobgoblins
  6 jackals (D:1)
  15 kobolds
  3 quokkas
  5 frilled lizards
  23 rats
251 creatures vanquished.

Notes
Turn   | Place    | Note
-------+----------+-------------------------------------------
     0 | D:1      | warriortoast the Minotaur Fighter began the quest for the
                  | Orb.
     0 | D:1      | Reached XP level 1. HP: 19/19 MP: 0/0
    55 | D:1      | Reached XP level 2. HP: 5/27 MP: 1/1
   384 | D:1      | Found Pecetog's Jewellery Shoppe.
  1053 | D:1      | Reached XP level 3. HP: 33/33 MP: 2/2
  1062 | D:1      | Reached skill level 4 in Fighting
  1667 | D:2      | Reached skill level 1 in Polearms
  2234 | D:2      | Reached XP level 4. HP: 41/41 MP: 3/3
  2558 | D:3      | Found a faded altar of an unknown god.
  2595 | D:3      | Found Hiol's Armour Boutique.
  2682 | D:3      | Reached XP level 5. HP: 45/47 MP: 4/4
  2883 | D:3      | Found a sacrificial altar of Ru.
  3064 | D:3      | Noticed Sigmund
  3084 | D:3      | HP: 2/47 [something (5)]
  3126 | D:3      | Killed Sigmund
  3127 | D:3      | Reached skill level 5 in Fighting
  3127 | D:3      | Reached XP level 6. HP: 11/56 MP: 5/5
  3820 | D:4      | Reached skill level 5 in Axes
  3841 | D:4      | Reached skill level 6 in Fighting
  3979 | D:4      | Reached XP level 7. HP: 45/63 MP: 6/6
  4293 | D:4      | Reached skill level 5 in Polearms
  4718 | D:5      | Entered Level 5 of the Dungeon
  4786 | D:5      | Reached skill level 7 in Fighting
  5011 | D:5      | Found Ishremepn's General Store.
  5016 | D:5      | Bought a scroll of enchant weapon for 82 gold pieces
  5105 | D:5      | Reached XP level 8. HP: 47/73 MP: 7/7
  6422 | D:6      | Identified a scroll of acquirement
  6422 | D:6      | Acquired the amulet of the Tempest {RegenMP rF+ rC+ Regen+
                  | Int+2}
  6451 | D:6      | Found a glowing drain.
  6468 | Sewer    | Entered a sewer
  6483 | Sewer    | Reached skill level 8 in Fighting
  7018 | D:6      | Reached XP level 9. HP: 82/82 MP: 8/8
  7024 | D:6      | Reached skill level 9 in Fighting
  8270 | D:7      | Found a staircase to the Ecumenical Temple.
  8282 | Temple   | Entered the Ecumenical Temple
  8312 | Temple   | Became a worshipper of Warmaster Okawaru
  8393 | D:7      | Noticed Pikel
  8413 | D:7      | Killed Pikel
  8414 | D:7      | Reached skill level 1 in Evocations
  8498 | D:7      | Reached skill level 10 in Fighting
  8700 | D:7      | Reached * piety under Okawaru
  8812 | D:7      | Upgraded the game from 0.27-a0-1119-gbf574a6a6b to
                  | 0.29-a0-356-g7bc237e783
  8934 | D:7      | Noticed Dowan
  8936 | D:7      | Noticed Duvessa
  8950 | D:7      | Killed Duvessa
  8956 | D:7      | Killed Dowan
  9070 | D:7      | Noticed a boulder beetle
  9252 | D:8      | Reached skill level 1 in Invocations
  9367 | D:8      | Noticed a boulder beetle
  9375 | D:8      | Reached XP level 10. HP: 76/94 MP: 7/9
  9398 | D:8      | Killed a boulder beetle
  9399 | D:8      | Reached skill level 10 in Axes
  9436 | D:7      | Killed a boulder beetle
  9436 | D:7      | Reached ** piety under Okawaru
  9704 | D:8      | Noticed a deep elf pyromancer
  9729 | D:8      | Killed a deep elf pyromancer
  9730 | D:8      | Reached skill level 11 in Fighting
  9920 | D:8      | Identified the +2 leather armour "Zeklelot" {rN+ Int+3}
 10423 | D:9      | Noticed a manticore
 10451 | D:9      | Killed a manticore
 10451 | D:9      | Reached *** piety under Okawaru
 10452 | D:9      | Reached skill level 1 in Throwing
 10458 | D:9      | Reached skill level 5 in Armour
 10512 | D:9      | Found a staircase to the Orcish Mines.
 10797 | D:9      | Reached skill level 5 in Shields
 10840 | D:9      | Reached XP level 11. HP: 96/102 MP: 13/13
 10857 | D:9      | Reached skill level 5 in Evocations
 11085 | D:9      | Reached **** piety under Okawaru
 11172 | D:9      | Noticed Erica
 11196 | D:9      | Slain by Erica

Illustrated notes

Levels and vault maps discovered:
D:1:      lightli_arrival_isolated_outpost, layout_loops_ring, serial_shops,
          shop, st_stairs_7, hangedman_decor_riveting,
          minmay_misc_feat_four_crosses, nrook_uturn, minmay_tetromino_s2
D:2:      layout_basic, minmay_ruptured
D:3:      layout_loops_ring, nicolae_ru_path_of_blood,
          shapermc_ecumenical_altar_flowoftime, serial_shops,
          nicolae_shop_stone, uniq_sigmund
D:4:      layout_cave_pools
D:5:      layout_layer_cave, serial_shops, nicolae_shop_crystal,
          eino_tiny_chamber, chequers_decorated_corner, serial_bayou_lagoon_a,
          grunt_ministairs_1
D:6:      layout_layer_cave, cheibrodos_sewer_entry_drain
D:7:      layout_loops_corners, minmay_temple_entry_crystal_x,
          kennysheep_generic_room_9, uniq_pikel, uniq_duvessa
D:8:      layout_loops_ring
D:9:      layout_stronghold, orc_david_3, patterned_corridor, uniq_erica
Temple:   nicolae_temple_the_god_donut

Skill      XL: |  1  2  3  4  5  6  7  8  9 10 11 |
---------------+----------------------------------+-----
Armour         | 4 5 |  5.9
Shields        | 4 5 |  5.6
Fighting       | 4 5 6 7 8 10 11 | 11.1
Polearms       | 1 2 3 4 5 7 9 |  9.0
Axes           | 3 4 5 6 8 9 10 | 10.6
Evocations     | 2 4 5 |  5.0
Invocations    | 1 4 |  4.5
Throwing       | 2 |  2.9
Dodging        | |  0.1

Action                   |  1- 3 |  4- 6 |  7- 9 | 10-12 || total
-------------------------+-------+-------+-------+-------++-------
Melee: War axe           |   105 |    98 |   341 |   263 ||   807
       Headbutt          |    13 |    12 |    55 |    48 ||   128
Throw: Boomerang         |       |    38 |    24 |    21 ||    83
Invok: Heroism           |       |       |     3 |     4 ||     7
  Use: Potion            |     1 |     2 |     1 |     1 ||     5
       Scroll            |       |       |     8 |     6 ||    14
Armor: Scale mail        |    38 |       |       |       ||    38
       Chain mail        |     8 |    63 |    92 |       ||   163
       Plate armour      |       |       |    33 |   134 ||   167
Dodge: Dodged            |    27 |    23 |   117 |   100 ||   267
Block: Kite shield       |    59 |    61 |   168 |   104 ||   392

Table legend: (Time is in decaauts)
 A = Elapsed time spent in this place.
 B = Non-inter-level travel time spent in this place.
 C = Inter-level travel time spent in this place.
 D = Time resting spent in this place.
 E = Time spent auto-exploring this place.
 F = Levels seen in this place.
 G = Mean time per level.
                   A        B        C        D        E       F      G
               +--------+--------+--------+--------+--------+-----+--------+
         Total |  11500 |  11144 |    356 |    961 |   8089 |  11 | 1045.5 |
       Dungeon |  10983 |  10627 |    356 |    961 |   7868 |   9 | 1220.3 |
        Temple |     61 |     61 |      0 |      0 |     16 |   1 |   61.0 |
         Sewer |    455 |    455 |      0 |      0 |    204 |   1 |  455.0 |
               +--------+--------+--------+--------+--------+-----+--------+

Top non-repeatable levels by time:
     D:5: 1726 daAuts
     D:1: 1489 daAuts
     D:6: 1436 daAuts
     D:4: 1277 daAuts
     D:3: 1251 daAuts
     D:7: 1196 daAuts
     D:9: 963 daAuts
     D:2: 842 daAuts
     D:8: 800 daAuts
   Sewer: 455 daAuts
  Temple: 61 daAuts
